[Event "SUI-ch Bundesturnier TP-1 2022"]
[Site "Payerne"]
[Date "2022.05.27"]
[Round "4.2"]
[White "Laurent-Paoli, Pierre"]
[Black "Joie, Sebastien"]
[Result "1-0"]
[ECO "B12"]
[WhiteElo "2486"]
[BlackElo "2376"]
[Annotator "TA"]
[PlyCount "79"]
[EventDate "2022.05.26"]
[EventType "swiss"]
[EventCountry "SUI"]
[SourceTitle "playchess.com"]
[Source "ChessBase"]
[SourceQuality "1"]
[TimeControl "5400+30"]

1. e4 c6 2. d4 d5 3. e5 Bf5 4. Nf3 e6 5. Be2 c5 6. O-O Nc6 7. c3 Bg4 8. Nbd2 cxd4 9. cxd4 Qb6 {[%emt 0:00:20] B12: Caro-Kann: Advance Variation.} 10. h3 Bh5 11. a3 Nge7 {[%emt 0:03:41] White is slightly better.} 12. b4 (12. Qa4 $14) 12... Bxf3 ({Black should play} 12... Nxd4 $11 13. Nxd4 Qxd4) 13. Nxf3 $14 Nf5 14. Bb2 Be7 15. Bd3 g6 {[%emt 0:03:00] [#]} 16. g4 $146 (16. Bc3 $14 {feels stronger.}) ({Predecessor:} 16. Qa4 Rc8 17. Bc3 a6 18. Rfb1 O-O 19. b5 axb5 20. Rxb5 Qc7 21. Bxf5 gxf5 22. Bd2 {1-0 (38) Cosma,E (2270)-Sheremetieva,M (2270) Yerevan 1996}) 16... Nh4 $1 $11 (16... Nfxd4 $2 17. Nxd4 a5 18. Nf3 $18) 17. Nxh4 Bxh4 18. Qd2 Be7 (18... Nxd4 $2 19. Bxd4 Bg5 20. Qb2 $18) 19. Qe3 h5 20. g5 (20. f3 $14 {was preferrable.}) 20... O-O 21. f4 Rac8 22. Rf2 Bd8 23. Rc1 Bc7 (23... a6 $142) 24. Rfc2 (24. b5 $5 Ne7 25. Qd2 $14) 24... Bb8 (24... a6 $11) 25. b5 $14 Ne7 26. a4 $36 {[%emt 0:02:54][%cal Ba3a4,Ba4a5][%mdl 2080] White has good play.} Rxc2 27. Rxc2 Rc8 28. Rxc8+ Nxc8 29. Qd2 {[%emt 0:02:18] Inhibits Qa5.} a5 30. bxa6 bxa6 31. a5 (31. Qc3 $5 Qb7 32. Ba3 $14) 31... Qc6 {[%emt 0:02:47][%mdl 8192] [#]} (31... Qb7 $11) 32. Qb4 $18 Ba7 (32... Bc7 $142 33. Ba3 Qe8) 33. Ba3 Kh7 (33... Qe8 $142 34. Bxa6 Kh7) 34. Kf1 (34. Qf8 $142 Bxd4+ 35. Kg2) 34... Qc7 (34... Qe8 $142 35. Bxa6 Kg7) 35. Ke2 {[%emt 0:01:04] [#] Hoping for Qf8.} Bb8 (35... Qd8 $18 36. Bxa6 Kg7) 36. Qf8 Ba7 37. Qh6+ Kg8 38. Qf8+ (38. Bf8 $142 f5 39. gxf6 Qh7 40. Qxh7+ Kxh7 41. f7 Bxd4 42. Ba3 Bxe5 43. fxe5) 38... Kh7 39. Qh6+ (39. Kf2 $18 Bxd4+ 40. Kf3) 39... Kg8 40. Bf8 {[%emt 0:00:02] Weighted Error Value: White=0.89/Black=0.69} 1-0

[Event "SUI-ch Bundesturnier TP-1 2022"]
[Site "Payerne"]
[Date "2022.05.27"]
[Round "4.3"]
[White "Collin, Moritz Valentin"]
[Black "Sutter, Oliver"]
[Result "1/2-1/2"]
[ECO "D36"]
[WhiteElo "2052"]
[BlackElo "2316"]
[Annotator "TA"]
[PlyCount "120"]
[EventDate "2022.05.26"]
[EventType "swiss"]
[EventCountry "SUI"]
[SourceTitle "playchess.com"]
[Source "ChessBase"]
[SourceQuality "1"]
[TimeControl "5400+30"]

1. d4 Nf6 2. c4 e6 3. Nc3 d5 4. cxd5 exd5 5. Bg5 Be7 6. e3 Nbd7 7. Bd3 O-O 8. Nge2 h6 9. Bh4 c6 10. Qc2 Re8 11. f3 b5 $1 {[%emt 0:00:24][%cal Bb7b5,Bb5b4][%mdl 4] is recently more successful than 11...c5. D36: Queen's Gambit Declined: Exchange Variation: Main line (5 Bg5 c6 6 Qc2).} 12. O-O Nb6 13. Bf2 Bd7 {[%emt 0:05:19] [#]} 14. e4 $146 ({Predecessor:} 14. h3 Rc8 15. e4 b4 16. Nb1 dxe4 17. fxe4 c5 18. dxc5 Bxc5 19. Bxc5 Na4 20. Nd2 Nxc5 {0-1 (31) Nestorovic,D (2408)-Savic,M (2505) Paracin 2015}) 14... dxe4 15. fxe4 b4 (15... Ng4 {with more complications.} 16. e5 c5 17. Nxb5 cxd4 18. Bxd4 Rc8) 16. Nd1 c5 17. dxc5 Rc8 $1 18. a3 (18. Ba6 $5 Rc7 19. a3 $11) 18... b3 19. Qxb3 Bxc5 20. Nec3 {[%emt 0:06:35] Against Ba4} (20. Bxc5 $11 Rxc5 21. Nf2) 20... Be6 $17 21. Qc2 Ng4 {[%emt 0:00:59] Strongly threatening ...Qh4.} 22. Bxc5 Qc7 $1 ({Much worse is} 22... Rxc5 $6 23. Be2 $11) 23. g3 Qxc5+ 24. Kh1 Red8 {[%emt 0:05:17][%mdl 1024] ...Qh5 is the strong threat. Black has strong compensation.} 25. Be2 Ne5 26. Qc1 $2 (26. Ba6 $1 $15) 26... Nbc4 $19 ({Not} 26... Bh3 27. Re1 $17) 27. Qf4 {[%emt 0:02:56] [#]} Ng6 $2 (27... Nxb2 $1 $19 {[%mdl 512] White must now prevent ...Nbd3.} 28. Qf2 Rd2 29. Qxc5 Rxc5) 28. Qf2 $17 Qxf2 29. Rxf2 {[%emt 0:00:48] [#]} Nxb2 $1 30. Nd5 Nc4 31. N1c3 Nb6 ({Better is} 31... Nd2 32. Bf3 Nxf3 33. Rxf3 Ne5) 32. Bf3 Bxd5 33. Nxd5 Nxd5 34. exd5 Ne5 35. Bg2 Rc3 36. a4 Rdc8 37. Rd1 Rd3 38. Rxd3 Nxd3 $11 {[%emt 0:00:16][%mdl 4096] Endgame KRB-KRN} 39. Rd2 Rc1+ 40. Bf1 $1 Rxf1+ {[%emt 0:01:08] KRN-KR} 41. Kg2 Rf6 42. Rxd3 {[%emt 0:00:15] Hoping for d6. KR-KR} Kf8 43. Rb3 Ra6 44. Rb4 Ke7 45. Kf3 Kd6 46. Ke4 Kc5 47. Rb5+ Kd6 48. a5 Kc7 49. Ke5 h5 {[%emt 0:00:10] The position is equal.} 50. Kf4 Rg6 51. h3 Rf6+ 52. Kg5 Rf3 53. a6 Rxg3+ 54. Kh4 Ra3 55. Rb7+ Kd6 56. Rxa7 Kxd5 57. Rxf7 g5+ 58. Kxg5 {[%emt 0:00:53] Threatens to win with a7.} Rxh3 59. Rf5+ Kc6 60. Ra5 Rg3+ {[%emt 0:00:07] White happily takes the draw.  Weighted Error Value: White=0.17 (very precise) /Black=0.10 (very precise)} 1/2-1/2

[Event "SUI-ch Bundesturnier TP-1 2022"]
[Site "Payerne"]
[Date "2022.05.27"]
[Round "4.4"]
[White "Colmenares, Aurelio"]
[Black "Pomini, Aurelien"]
[Result "1-0"]
[ECO "D27"]
[WhiteElo "2318"]
[BlackElo "2216"]
[Annotator "TA"]
[PlyCount "61"]
[EventDate "2022.05.26"]
[EventType "swiss"]
[EventCountry "SUI"]
[SourceTitle "playchess.com"]
[Source "ChessBase"]
[SourceQuality "1"]
[TimeControl "5400+30"]

1. Nf3 d5 2. e3 Nf6 3. c4 e6 4. Nc3 dxc4 5. Bxc4 a6 6. a4 c5 7. O-O Nc6 8. d4 Be7 9. h3 O-O 10. Re1 cxd4 11. exd4 Nb4 {[%emt 0:01:11] D27: Queen's Gambit Accepted: Classical main line: 7 e4!? and 7 a4.} 12. Bg5 b6 {[%emt 0:05:43] [#]} 13. Qb3 $146 ({Predecessor:} 13. Qe2 Bb7 14. Rad1 Nfd5 15. Bc1 Re8 16. Ne5 Bf8 17. Ne4 Qc7 18. Bb3 f6 19. Nf3 Rad8 20. g3 Ba8 21. a5 Qb7 22. axb6 Nxb6 23. Kh2 Kh8 24. Rg1 Qxe4 {0-1 (24) Braun,P (2175)-Skomorokhin,R (2465) Schwaebisch Gmuend 1995}) 13... Nc6 {[%emt 0:11:03] The position is equal.} 14. Qd1 Bb7 15. Rc1 Rc8 16. Ba2 (16. Qe2 $5 ) 16... Nb4 17. Bb1 Nfd5 (17... Bxf3 $5 18. Qxf3 Qxd4 $11) 18. Bd2 Bd6 19. Ne5 Bb8 20. Qh5 g6 (20... f5 $5 ) 21. Qh6 {[%emt 0:02:15] aiming for Ne4.} Bxe5 $2 {[%emt 0:04:15] This costs Black the game.} (21... Ne7 $11) 22. dxe5 $18 {[%emt 0:04:26] Black must now prevent Bg5.} ({Not} 22. Rxe5 Qd7 $11) 22... f5 {[%emt 0:03:29] [#]} 23. exf6 $1 Qxf6 24. Ne4 $40 {[%emt 0:01:44][%mdl 128] White has strong attack. Really sharp!} Qd4 (24... Qg7 25. Qxg7+ Kxg7) 25. Rxc8 Rxc8 26. Bc3 Nxc3 27. bxc3 Rxc3 (27... Qg7 $142 28. Qxg7+ Kxg7 29. cxb4 Bxe4 30. Bxe4 a5 31. bxa5 bxa5) 28. Nxc3 Qxc3 29. Rxe6 {[%emt 0:04:41] White wants to mate with Re8+.} Qc5 {[%emt 0:00:24] [#]} 30. Bxg6 $1 Qc1+ 31. Qxc1 {[%emt 0:00:05] Weighted Error Value: White=0.23 (precise) /Black=0.96} 1-0

[Event "SUI-ch Bundesturnier TP-1 2022"]
[Site "Payerne"]
[Date "2022.05.27"]
[Round "4.5"]
[White "Rohrer, Christophe"]
[Black "Pogan, Nikolas"]
[Result "0-1"]
[ECO "B12"]
[WhiteElo "2285"]
[BlackElo "2239"]
[Annotator "TA"]
[PlyCount "124"]
[EventDate "2022.05.26"]
[EventType "swiss"]
[EventCountry "SUI"]
[SourceTitle "playchess.com"]
[Source "ChessBase"]
[SourceQuality "1"]
[TimeControl "5400+30"]

1. e4 c6 2. d4 d5 3. e5 Bf5 4. Nf3 e6 5. Be2 Nd7 6. O-O Ne7 7. Nbd2 Nc8 {[%emt 0:03:49] B12: Caro-Kann: Advance Variation.} 8. a4 Be7 9. Nb3 O-O {[%emt 0:02:05] White has an edge.} 10. Ne1 c5 (10... f6 $5 ) 11. c3 a6 (11... c4 $11 12. Nd2 f6) 12. Be3 {[%emt 0:01:40] [#]} (12. g4 $5 Be4 13. f3 $11) 12... c4 $146 ({Predecessor:} 12... Qc7 13. g4 Bg6 14. f4 cxd4 15. cxd4 f5 16. Rc1 Qb6 17. a5 Qd8 18. Bd3 Na7 {1-0 (32) Nozdrachev,V (2500)-Turov,M (2565) Tuapse 2021}) 13. Nd2 Na7 14. f4 {[%emt 0:03:06] Strongly threatening g4.} Bg6 15. g4 f5 16. exf6 (16. Nxc4 $5 dxc4 17. Bxc4 $14) 16... Nxf6 17. h4 Ne4 18. h5 Nxd2 19. Qxd2 (19. Bxd2 $5 Be4 20. Bf3 $11) 19... Be4 20. Bf3 Bxf3 21. Nxf3 Nc8 22. Ne5 Nd6 23. Qg2 Rc8 24. Rf3 (24. h6 {keeps more tension.} g6 25. f5 Bg5 26. Rae1) 24... Qe8 (24... Bf6 $11 {keeps the balance.}) 25. Raf1 Qxa4 $2 (25... Bf6 $14) 26. h6 Bf6 $2 (26... gxh6 $2 27. f5 Nf7 28. f6 (28. fxe6 Nxe5 29. dxe5 Rxf3 $11) 28... Nxe5 29. dxe5 $18) (26... g5 27. fxg5 Rxf3 28. Nxf3 (28. Qxf3 Rf8 $11) 28... Rf8) 27. f5 $1 $18 Ne4 28. fxe6 Rfe8 29. hxg7 $2 (29. g5 Bxe5 30. dxe5 Rxe6 31. hxg7) 29... Bxg7 30. Rf7 {[%emt 0:02:00] White threatens Qh3 and mate.} (30. Qh2 Rxe6 31. Qh4 (31. Rf7 Rf8 $14) 31... Qe8 $14) 30... Rxe6 31. Qf3 $2 ({Weaker is} 31. Rxb7 Bxe5 32. dxe5 Qe8 $14) (31. g5 $1 $18 {[%cal Rg5g6] Threatens to win with g6.} Rxe5 32. dxe5) 31... Qe8 $1 $11 32. Qh3 Re7 (32... Nd6 $1 $11 33. R7f3 (33. Rd7 h6 $11) 33... Qe7) 33. Bh6 $14 {[%emt 0:02:36][%mdl 1024] Black must now prevent g5. White has compensation.} ({Reject} 33. Qh5 Nd6 34. Rxe7 Qxe7 $11) 33... Rcc7 $2 34. R7f3 {[%emt 0:02:19] And now Qh4 would win.} Qc8 35. Qh5 Re6 (35... Qe8 $2 36. Qh4 $18) 36. Bf4 (36. g5 $18) 36... Qe8 {[%emt 0:00:31] Against Rf7} 37. Qh2 (37. Qh4 $11 {should be considered.}) 37... Rc8 38. Rh3 (38. Kg2 $11) 38... Bxe5 $15 39. Bxe5 Qg6 40. Qg2 (40. Kh1 $15) 40... Rf8 $17 41. Rxf8+ Kxf8 42. Rh5 (42. Qf3+ $17 Ke7 43. Rh5) 42... Re7 $1 $19 43. Qh3 {[%emt 0:02:44] [#]} (43. Bb8 $142 Qxh5 44. gxh5) 43... Rf7 (43... Ng5 $1 $19 44. Qg2 Rf7) 44. Qh4 $17 Ke8 $36 {[%emt 0:01:04][%mdl 2048] Inhibits Qd8+. Keeping White busy.} ({Black should play} 44... Nf6 {Hoping for ...Qb1+.} 45. Rf5 Qxg4+ 46. Qxg4 Nxg4 47. Bd6+ Ke8) 45. Rh6 Qg5 {[%emt 0:00:36] ( -> ...Qe3+). Black is more active.} 46. Re6+ {[%emt 0:01:24] [#]} Re7 $1 {[%emt 0:00:28] The board is on fire.} 47. Rxe7+ $2 (47. Qxg5 $17 Nxg5 48. Rd6) 47... Qxe7 {[%emt 0:00:03][%mdl 4096] Endgame KQB-KQN} 48. Qh6 Qf7 49. Bf4 Qg6 50. Qh4 b5 51. g5 Qf5 52. Kg2 a5 53. Qh5+ Kd7 54. Be3 b4 55. Qd1 b3 56. Qh5 a4 {[%emt 0:01:01] Black mates.} 57. Kh2 a3 58. Qh6 Nd6 59. Qg7+ Qf7 60. Qe5 axb2 61. Bf4 Qxf4+ 62. Qxf4 b1=Q {[%emt 0:00:10] Black used his chance.  Weighted Error Value: White=0.62/Black=0.36} 0-1

[Event "SUI-ch Bundesturnier TP-1 2022"]
[Site "Payerne"]
[Date "2022.05.27"]
[Round "4.6"]
[White "Lou, Vincent"]
[Black "Loeffler, Markus"]
[Result "0-1"]
[ECO "D85"]
[WhiteElo "2212"]
[BlackElo "2272"]
[Annotator "TA"]
[PlyCount "100"]
[EventDate "2022.05.26"]
[EventType "swiss"]
[EventCountry "SUI"]
[SourceTitle "playchess.com"]
[Source "ChessBase"]
[SourceQuality "1"]
[TimeControl "5400+30"]

1. d4 Nf6 2. c4 g6 3. Nc3 d5 4. cxd5 Nxd5 5. e4 Nxc3 6. bxc3 Bg7 7. Qa4+ Nd7 8. Nf3 O-O 9. Be2 c5 10. O-O {[%emt 0:01:08] D85: Exchange Grünfeld: Unusual White 7th moves and lines with 7 Nf3.} Nb6 11. Qa3 cxd4 12. cxd4 {[%emt 0:00:07] The position is equal.} Bg4 13. Bg5 Bxf3 14. Bxf3 Qxd4 15. Rad1 Qe5 16. Bxe7 Nc4 17. Qb4 Rfe8 {[%emt 0:03:11] [#]} 18. Bc5 $146 ({Predecessor:} 18. Bh4 Qe6 19. Qxb7 Ne5 20. Qd5 Nxf3+ 21. gxf3 Qh3 22. Bg3 h5 23. Qd7 Re6 24. Rd6 {1-0 (35) Efremov,V (2173)-Klasan,V (2297) Belgrade 2021}) 18... Qc3 19. Qxc3 ({Reject} 19. Qxb7 Nd2 20. Rxd2 Qxd2 21. Bxa7 Qxa2 $17) 19... Bxc3 20. Rc1 Rec8 21. Rxc3 Rxc5 22. a4 {[%emt 0:06:19] [#] Hoping for Rfc1.} Rac8 23. Rfc1 {[%emt 0:00:18] Threatens to win with Be2.} b6 24. Bd1 Kf8 25. Bb3 $2 {[%emt 0:04:02] Black keeps a firm grip on the game.} (25. f3 $11 {and White stays safe.}) 25... Nd2 $19 26. Rxc5 Rxc5 27. Rxc5 bxc5 {[%emt 0:00:03][%mdl 4096] Endgame KB-KN} 28. Bc2 (28. Bd1 {is a better defense.}) 28... c4 {[%emt 0:10:39] And now ...Nb3 would win.} 29. f4 $2 {[%emt 0:05:38] [#]} (29. e5 {was the crucial defense.} c3 30. Bd3) 29... Nb3 $1 30. Kf2 Nd4 31. Bd1 c3 {[%emt 0:00:03] White must now prevent ...c2.} 32. Ke3 c2 33. Bxc2 Nxc2+ {[%emt 0:00:05] KN-KP} 34. Kd2 Nd4 35. Kd3 Nc6 36. Kc4 Ke7 37. g4 $2 (37. Kd5 Kd7 38. g3) 37... Kd6 38. h4 h6 39. h5 gxh5 40. gxh5 f6 41. Kb5 Nb8 42. a5 Nd7 43. Ka6 Nc5+ 44. Kxa7 Kc7 45. e5 f5 46. Ka8 Ne6 47. a6 Nxf4 48. e6 Nxe6 49. a7 Kb6 50. Kb8 Nc7 {[%emt 0:00:11] Weighted Error Value: White=0.81/Black=0.20 (precise)} 0-1

[Event "SUI-ch Bundesturnier TP-1 2022"]
[Site "Payerne"]
[Date "2022.05.27"]
[Round "4.7"]
[White "Kamber, Bruno"]
[Black "Schweighoffer, Martin"]
[Result "1-0"]
[ECO "C49"]
[WhiteElo "2225"]
[BlackElo "2105"]
[Annotator "TA"]
[PlyCount "99"]
[EventDate "2022.05.26"]
[EventType "swiss"]
[EventCountry "SUI"]
[SourceTitle "playchess.com"]
[Source "ChessBase"]
[SourceQuality "1"]
[TimeControl "5400+30"]

1. e4 e5 2. Nf3 Nc6 3. Nc3 Nf6 4. Bb5 Bb4 5. O-O O-O 6. Bxc6 dxc6 7. d3 Nd7 {[%emt 0:01:42] C49: Four Knights: 4 Bb5 Bb4.} 8. Ne2 Re8 9. Ng3 Nf8 {[%emt 0:00:19] The position is equal.} 10. h3 {[%emt 0:00:37] [#]} a5 $146 ({Predecessor:} 10... Ng6 11. Nf5 a5 12. a4 Bf8 13. Bg5 f6 14. Be3 Nf4 15. d4 exd4 16. N3xd4 Ne6 17. Nxe6 Qxd1 18. Rfxd1 Bxe6 {½-½ (71) Quesada Perez,Y (2560)-Gareyev,T (2565) San Salvador 2022}) 11. a3 Bd6 12. Nh2 Qh4 13. Be3 Bd7 14. Qd2 {[%emt 0:02:05] [#] aiming for Bg5.} h6 {[%emt 0:00:38] Prevents Bg5.} 15. Nf3 Qf6 16. d4 exd4 17. Bxd4 Qg6 18. e5 (18. Nh4 $11 Qg5 19. Qxg5 hxg5 20. Nhf5) 18... Be7 $15 19. Rae1 c5 20. Bc3 (20. e6 $17 {was necessary.} Bxe6 21. Bc3) 20... Bb5 $19 21. Ne2 Ne6 22. Nh2 (22. Kh2 {was worth a try.}) 22... Red8 23. Qc1 Bc6 24. Ng4 {[%emt 0:06:04][%cal Bh2g4,Bg4e3,Be3f5][%mdl 32] [#]} Bg5 ({Worse is} 24... Qe4 25. f3 Qh7 26. Bd2 $17) (24... h5 $1 $19 25. Ne3 Nd4) 25. f4 $15 Qe4 (25... h5 $5 26. fxg5 hxg4 27. hxg4 Qxg5 28. Qxg5 Nxg5 $15) 26. Rf2 Bh4 {[%emt 0:02:56] This bishop pair is nice.} 27. Ng3 $1 Qc4 {[%emt 0:04:19][%mdl 8192] This move loses the game for Black.} (27... Bxg3 $2 28. Rxe4 Bxe4 29. Rf1 $18) (27... Qh7 $1 $11 28. Kh2 h5) 28. Ne3 $18 Qa6 29. Nef5 Bxg3 30. Nxg3 Qc4 31. Nf5 Kf8 (31... Kh7 $142 32. Ne7 Be8) 32. Qe3 a4 $2 (32... Rd4 33. Bxd4 (33. Nxd4 cxd4 34. Bxd4 Qxd4 $11) 33... cxd4) 33. Qg3 Be4 34. Ne3 Qa6 35. f5 Nd4 36. Qh4 Qc6 37. e6 fxe6 38. f6 Bf5 39. fxg7+ Kxg7 40. Nxf5+ {[%emt 0:23:13] White mates.} exf5 41. Re7+ Kh8 42. Rxf5 Rd6 43. Rff7 Rg6 44. Bxd4+ cxd4 45. Qxd4+ Kg8 46. Rg7+ Kf8 47. Ref7+ Ke8 48. Qe5+ Re6 49. Rg8+ Kxf7 50. Qg7# {[%emt 0:00:04] Weighted Error Value: White=0.14 (very precise) /Black=0.64} 1-0

[Event "SUI-ch Bundesturnier TP-1 2022"]
[Site "Payerne"]
[Date "2022.05.27"]
[Round "4.8"]
[White "Mamalis, Prokopios"]
[Black "Gschnitzer, Adrian"]
[Result "0-1"]
[ECO "B30"]
[WhiteElo "2067"]
[BlackElo "2441"]
[Annotator "TA"]
[PlyCount "60"]
[EventDate "2022.05.26"]
[EventType "swiss"]
[EventCountry "SUI"]
[SourceTitle "playchess.com"]
[Source "ChessBase"]
[SourceQuality "1"]
[TimeControl "5400+30"]

1. e4 c5 2. Nc3 Nc6 3. Bb5 Nd4 4. Nf3 e6 5. O-O a6 6. Bd3 Nc6 {[%emt 0:00:28] B30: Sicilian: 2...Nc6 3 Bb5, lines without ...g6.} 7. Re1 {[%emt 0:06:27] 7.e5 is setting a new trend.} g5 {[%emt 0:00:13][%cal Bg7g5,Bg5g4][%mdl 32] Threatens to win with ...g4.} 8. Kh1 {[%emt 0:07:56] [#]} h5 $146 {[%emt 0:06:48] Black is slightly better.} ({Predecessor:} 8... Bg7 9. Ng1 d6 10. Qh5 h6 11. b3 Nf6 12. Qd1 b5 13. Bb2 Bb7 14. a4 b4 {0-1 (39) Janaszak,D (2334)-Strybuk,A (2296) Chess.com INT 2022}) 9. a4 (9. b3 $15 {feels stronger.}) 9... g4 $17 10. Ng1 Bd6 11. g3 {[%emt 0:18:07] Against Qh4} (11. Rf1 $17) 11... h4 $19 {[%emt 0:09:55] aiming for ...hxg3.} 12. e5 {[%emt 0:07:35] [#]} (12. Qxg4 $142 hxg3 13. fxg3) 12... hxg3 $1 13. fxg3 Nxe5 14. Be4 Qf6 {[%emt 0:17:41] White must now prevent ...Qf2.} 15. Rf1 {[%emt 0:12:02] Prevents Qf2.} Nf3 $40 {[%emt 0:05:04][%mdl 128] Black attacks with force.} (15... Qh6 16. h3 Qh5 17. d4 cxd4 18. Qxd4 $17) 16. Nxf3 {[%emt 0:01:38] And now Nh4 would win.} Bxg3 ({And not} 16... gxf3 17. Qxf3 Qxf3+ 18. Bxf3 $17) 17. Qe2 ({Not} 17. Ne2 $2 gxf3 18. Rxf3 {[#]} (18. Nxg3 {gets mated.} Rxh2+ 19. Kxh2 Qh4+ 20. Kg1 Qxg3+ 21. Kh1 Qg2#) 18... Qh4 $1 $19) 17... gxf3 18. Rxf3 Qe5 19. Rxg3 Qxg3 20. d3 Nf6 {[%emt 0:03:39] Against Nd5. ( -> ...Ng4)} 21. Bf3 {[%emt 0:02:33] Inhibits Ng4.} Rh3 22. Ne4 Qxf3+ 23. Qxf3 Rxf3 24. Kg2 {[%emt 0:00:24] [#]} Nxe4 $1 25. Kxf3 Nd6 26. h4 b5 27. h5 Bb7+ {[%emt 0:00:17] Black is clearly winning.} 28. Kf2 Nf5 29. Bg5 Kf8 30. Bf6 Kg8 {[%emt 0:00:16] White did not feel at home in the position after the opening.  Weighted Error Value: White=0.35/Black=0.07 (flawless)} 0-1

[Event "SUI-ch Bundesturnier TP-1 2022"]
[Site "Payerne"]
[Date "2022.05.27"]
[Round "4.9"]
[White "Willems, Niels"]
[Black "Schmid, Christoph"]
[Result "1-0"]
[ECO "A14"]
[WhiteElo "2338"]
[BlackElo "2045"]
[Annotator "TA"]
[PlyCount "155"]
[EventDate "2022.05.26"]
[EventType "swiss"]
[EventCountry "SUI"]
[SourceTitle "playchess.com"]
[Source "ChessBase"]
[SourceQuality "1"]
[TimeControl "5400+30"]

1. c4 c5 2. Nc3 Nf6 3. g3 e6 4. Nf3 b6 5. Bg2 Bb7 6. O-O Be7 7. b3 O-O 8. Bb2 d5 9. Ne5 Nc6 10. Nxc6 Bxc6 11. d4 Rc8 {[%emt 0:08:32] A14: English Opening: 1...e6 with b3 by White.} 12. dxc5 dxc4 13. Bxc6 Rxc6 {[%emt 0:03:39] [#] The position is equal.} 14. b4 $146 ({Predecessor:} 14. cxb6 axb6 15. bxc4 {½-½ (15) Saric,A (2538)-Kozak,A (2240) Tallinn 2019}) 14... Qxd1 15. Rfxd1 a5 16. a3 axb4 17. axb4 {[%emt 0:00:03] And now Ra7 would win.} Nd5 $2 ({Black should try} 17... bxc5 $11 18. b5 Rc7) 18. Nxd5 $16 exd5 19. Ra7 (19. Rxd5 bxc5 20. b5 Rb6 $16) 19... Bf6 20. Bxf6 gxf6 21. Rxd5 {[%emt 0:01:24][%mdl 4096] Endgame KRR-KRR} Rfc8 22. Ra6 {[%emt 0:08:53] White is much more active.} bxc5 23. Rxc6 Rxc6 {[%emt 0:00:02] KR-KR} 24. b5 ({Wrong is} 24. Rxc5 $2 Rxc5 25. bxc5 c3 $19) ({Much less strong is} 24. bxc5 c3 25. Rd1 Rxc5 $16) 24... Rb6 25. Rxc5 c3 26. Kg2 c2 27. Rxc2 Rxb5 28. Rc4 h6 29. Kh3 Kg7 30. Rg4+ Kh7 31. e4 Rb2 (31... Ra5 $16 32. Rf4 Kg6) 32. Kg2 ({White should play} 32. Rf4 $18) 32... Rb3 (32... h5 $16 33. Rf4 Kg7) 33. Kh3 Rb2 34. Rf4 Kg6 35. Kg4 (35. g4 $18) 35... Ra2 36. Rf5 Ra4 37. f3 Ra2 38. h3 Re2 39. Rd5 Re1 40. h4 Ra1 41. Rd6 {[%emt 0:00:17] Strongly threatening e5.} Ra5 42. Kf4 Rb5 43. g4 Ra5 44. Rd5 Ra3 45. h5+ Kg7 46. Rd1 Rb3 47. Re1 Rb4 48. Re3 Ra4 49. Rd3 Ra5 50. Re3 Ra4 $1 51. Kf5 (51. Rb3 $18) 51... Ra5+ {[%emt 0:00:15] [#]} 52. e5 $1 fxe5 53. Rxe5 Ra3 54. f4 Ra1 55. Rb5 Ra2 56. Rd5 Rb2 57. Ke4 Rb4+ 58. Rd4 Rb1 59. Rd3 Rb4+ 60. Kf3 Rb1 61. g5 (61. Rd6 $16) 61... Rb5 62. Kg4 Rb4 {[%emt 0:01:21] [#]} (62... hxg5 $11 63. fxg5 Rb4+ 64. Kh3 Rb5) 63. Rd7 ({Better is} 63. g6 $1 $16 {Black must now prevent Rd7.} Rb7 64. f5) 63... hxg5 $1 $11 64. Kxg5 Rb5+ 65. f5 Rb1 (65... Rb6 $11 {keeps the balance.}) 66. h6+ (66. f6+ $16 Kg8 67. Kh6) 66... Kg8 67. Kf6 Rb6+ 68. Ke7 ({Resist} 68. Kg5 $6 Ra6 69. Re7 Rb6 $16) 68... Rxh6 $2 (68... Kh7 $11) 69. f6 {[%emt 0:00:01] White mates.} Rh1 70. Rd8+ Kh7 71. Kxf7 Ra1 72. Kf8 Ra7 73. f7 Kg6 74. Rd6+ Kh7 75. Ke8 Ra8+ 76. Rd8 Rxd8+ 77. Kxd8 Kg7 78. Ke7 {[%emt 0:00:06] Weighted Error Value: White=0.14 (very precise) /Black=0.11 (very precise)} 1-0

[Event "SUI-ch Bundesturnier TP-1 2022"]
[Site "Payerne"]
[Date "2022.05.27"]
[Round "4.10"]
[White "Schlegel, Igor"]
[Black "Jaggy, Matteo"]
[Result "1-0"]
[ECO "B40"]
[WhiteElo "2183"]
[BlackElo "1999"]
[Annotator "TA"]
[PlyCount "85"]
[EventDate "2022.05.26"]
[EventType "swiss"]
[EventCountry "SUI"]
[SourceTitle "playchess.com"]
[Source "ChessBase"]
[SourceQuality "1"]
[TimeControl "5400+30"]

1. e4 c5 2. Nf3 e6 3. g3 Nc6 4. Bg2 Be7 5. O-O e5 6. c3 {[%emt 0:08:11] B40: Sicilian: 2...e6, Unusual lines.} d6 7. d4 cxd4 8. cxd4 {[%emt 0:00:05] White is slightly better.} Bg4 {[%emt 0:00:59] [#]} 9. Be3 $146 ({Predecessor:} 9. d5 Nb8 10. Nc3 Nf6 11. h3 Bxf3 12. Bxf3 O-O 13. Be3 Nbd7 14. Rc1 b6 15. b4 {1-0 (46) Fewkes,J-Brooks,I (1586) ICCF email 2017}) 9... exd4 10. Bxd4 Nf6 11. Nc3 O-O 12. h3 {[%emt 0:01:49] [#] Black must now prevent Bxf6.} Bxf3 13. Bxf3 Nxd4 14. Qxd4 Qa5 15. Rac1 Rfc8 16. h4 h6 17. Bg2 Qe5 18. Qd3 Rc7 19. Rc2 Qe6 20. Rfc1 Rac8 21. b3 Rc5 22. Nb5 Rxc2 23. Rxc2 Rxc2 24. Qxc2 a6 25. Na7 (25. Nd4 $11 Qe5 26. Nf5) 25... Qd7 (25... d5 $15) 26. Qc8+ $14 Qxc8 27. Nxc8 {[%emt 0:00:03][%mdl 4096] Endgame KBN-KBN} Kf8 28. b4 {[%emt 0:04:28][%cal Oe4e5] Threatening e5!} b5 29. Kf1 Ne8 (29... d5 $11) 30. Ke2 Bf6 31. Kd3 {[%emt 0:00:06] Against Bc3} Bb2 32. Bh3 Bf6 33. Bd7 Be7 $2 (33... Nc7 $16) 34. Na7 $2 (34. Nxe7 $18 Kxe7 35. Bc8) 34... Nc7 35. Nc6 {[%emt 0:00:17] White is more active.} f6 (35... Bf6 $16) 36. Kd4 (36. Bf5 $18) 36... g5 (36... g6 $16 {was worth a try.} 37. a3 f5) 37. h5 $18 Kf7 38. Bc8 Ke8 39. Nb8 Kd8 {[%emt 0:00:05] [#]} 40. Bb7 d5 $2 (40... Bf8 41. Nxa6 g4) 41. exd5 $2 (41. Nc6+ Kd7 42. Nxe7 Ne6+ 43. Kxd5 Kxe7 44. Bc8 Nc7+ 45. Kc6) 41... a5 $2 (41... Bf8 42. Bxa6 (42. Nxa6 Nxa6 43. Bxa6 Bxb4 $18) 42... f5) 42. bxa5 (42. Nc6+ $142 Kd7 43. Nxe7) 42... Bb4 43. Nc6+ {[%emt 0:00:12] Weighted Error Value: White=0.47/Black=0.55} 1-0